 Dungeon Crawl Stone Soup version bcrawl-1.14.1-2-g116eac945c (webtiles) character file.

Game seed: 14009663099422609552

2432 Fv001 the Cleaver (level 9, -3/54 HPs)
             Began as a Skeleton Reaver on Sept 18, 2019.
             Was a Priest of Vehumet.
             Slain by an orc warrior
             ... wielding a +0 broad axe
              (10 damage)
             ... on level 7 of the Dungeon.
             The game lasted 00:24:10 (7873 turns).

Fv001 the Cleaver (Skeleton Reaver)                 Turns: 7873, Time: 00:24:11

Health: -3/54      AC: 10    Str: 18 (19) XL:     9   Next: 24%
Magic:  0/19       EV:  8    Int: 11 (12) God:    Vehumet [***...]
Gold:   252        SH:  0    Dex: 10      Spells: 13/21 levels left

rFire    . . .     SeeInvis .   r - +3 hand axe (vamp)
rCold    + . .     Gourm    .   (no shield)
rNeg     + + +     Faith    .   q - +0 plate armour
rPois    ∞         Spirit   +   (no helmet)
rElec    .         Reflect  .   (no cloak)
rCorr    +         Harm     .   (no gloves)
MR       +....                  (no boots)
Stlth    ..........             n - amulet of the acrobat
HPRegen  0.18/turn              k - ring of resist corrosion
MPRegen  0.16/turn              (no ring)

@: no status effects
A: no food or potions, cold resistance 1, deterioration 1, negative energy
resistance 3, powered by death 1, torment resistance, unbreathing, magic shield,
sturdy frame 1, spell healing
a: Renounce Religion


You were on level 7 of the Dungeon.
You worshipped Vehumet.
Vehumet was most pleased with you.
You were not hungry.

You visited 1 branch of the dungeon, and saw 7 of its levels.

You collected 252 gold pieces.

Inventory:

Hand Weapons
 a - a +2 war axe
 b - a +2 dagger of venom
 j - a +0 flail
 r - a +3 vampiric hand axe (weapon)
Armour
 e - +0 steam dragon scales
 q - a +0 plate armour (worn)
Jewellery
 k - a ring of resist corrosion (left hand)
 n - an amulet of the acrobat (around neck)
Wands
 l - a wand of iceblast (10)
 s - a wand of random effects (7)
Scrolls
 c - 2 scrolls of immolation
 d - a scroll of identify
 f - 2 scrolls of magic mapping
 g - a scroll of blinking
 h - 2 scrolls of remove curse
 m - a scroll of enchant armour
 o - a scroll of amnesia
 p - a scroll of teleportation


   Skills:
 + Level 5.3 Fighting
 + Level 9.0 Axes
 + Level 0.1 Armour
 + Level 5.2 Dodging
 + Level 1.7 Stealth
 + Level 6.7 Spellcasting
 + Level 5.3 Conjurations
 + Level 1.4 Fire Magic
 + Level 2.0 Air Magic
 + Level 2.4 Earth Magic
 + Level 1.4 Evocations


You had 13 spell levels left.
You knew the following spells:

 Your Spells              Type           Power        Failure   Level  Hunger
a - Shock                 Conj/Air       ##...        24%         1    N/A
b - Flame Tongue          Conj/Fire      ##...        26%         1    N/A
c - Stone Arrow           Conj/Erth      ##....       50%         3    N/A
d - Ignite Poison         Fire/Tmut/Pois #.......     91%         3    N/A

Your spell library contained the following spells:

 Spells                   Type           Power        Failure   Level  Hunger
 Iskenderun's Battlesphe  Conj/Chrm      #.......     100%        5    N/A

Dungeon Overview and Level Annotations

Branches:
Dungeon (7/12)             Temple (0/1) D:5
   Lair: D:7-9

Altars:
Ashenzari
Makhleb
Nemelex Xobeh
Sif Muna
Trog
Uskayaw
Wu Jian
Yredelemnul

Annotations:
D:4 exclusions: adder and orc warrior


Innate Abilities, Weirdness & Mutations

You do not eat or drink.
You are immune to poison.
Your flesh is cold resistant. (rC+)
Your body sometimes deteriorates upon taking damage.
You are immune to negative energy. (rN+++)
You regenerate a little health from kills.
You are immune to unholy pain and torment.
You can survive without breathing.
When hurt, damage is shared between your health and your magic reserves.
Your movements are slightly less encumbered by armour. (ER -2)
Casting spells heals you.


Message History

Your body deteriorates!
You feel dopey.
Casting: Stone Arrow (slightly dangerous; 47% risk of failure)
Confirm with . or Enter, or press ? or * to list all spells.
Aiming: Flame Tongue (safe; 22% risk of failure)
Press: ? - help, Shift-Dir - straight line, f/p - orc warrior
Aim: an orc warrior, wielding a +0 broad axe and wearing a +0 plate armour (lightly wounded)
The flame tongue misses the orc warrior.
The flame tongue hits the orc.
You kill the orc!
Vehumet accepts your kill.
You feel your power returning.
The orc warrior hits you with a +0 broad axe!
* * * LOW HITPOINT WARNING * * *
Your body deteriorates!
You feel weakened.
You hit the orc warrior but do no damage.
The orc warrior is lightly wounded.
Your plate armour prevents you from hitting the orc warrior.
The orc warrior is lightly wounded.
The orc warrior hits you with a +0 broad axe!
You die...

(####.#
#.........##.....
......# #<
#.###.###.#######
.###### .. #.# #.# #
+# #. #.# #.# # #.
#.# #.. ## ##. #.#
##. ##. ##.. #.# .#
#..
####...#####.####...
#...
+.......))o@........
+...
####...#########.#..
#... ##.. ##.. #...
##. #.## ## #. # #


You could see an orc warrior.

Vanquished Creatures
  A troll (D:6)
  2 hippogriffs
  A hungry ghost (D:7)
  A black bear (D:6)
  A sky beast (D:7)
  An ogre (D:7)
  2 centaurs (D:6)
  3 bullfrogs
  A bullfrog zombie (D:6)
  4 crimson imps
  6 orc priests
  A centaur skeleton (D:5)
  8 orc wizards
  2 bullfrog skeletons
  4 iguanas
  4 worker ants
  A killer bee zombie (D:6)
  A hound skeleton (D:6)
  8 adders
  3 gnolls (D:5)
  A shadow imp (D:5)
  An ooze (D:3)
  A worm (D:2)
  4 dart slugs
  2 leopard geckos (D:2)
  21 orcs
  A ball python (D:2)
  5 bats
  3 giant cockroaches
  10 goblins
  7 hobgoblins
  11 jackals
  4 quokkas
  4 frilled lizards
  8 kobolds
  6 rats
144 creatures vanquished.

Notes
Turn   | Place    | Note
-------+----------+-------------------------------------------
     0 | D:1      | Fv001 the Skeleton Reaver began the quest for the Orb.
     0 | D:1      | Reached XP level 1. HP: 14/14 MP: 4/4
    72 | D:1      | Reached XP level 2. HP: 19/19 MP: 6/6
    95 | D:1      | Reached skill level 4 in Axes
   167 | D:1      | Reached * piety under Vehumet
   167 | D:1      | Offered knowledge of Shock by Vehumet.
   170 | D:1      | Learned a level 1 spell: Shock
   406 | D:1      | Reached XP level 3. HP: 23/23 MP: 7/7
   811 | D:2      | Found a basalt altar of Yredelemnul.
  1587 | D:3      | Reached XP level 4. HP: 28/28 MP: 9/9
  1711 | D:3      | Reached skill level 1 in Air Magic
  1772 | D:3      | Found a shattered altar of Ashenzari.
  1875 | D:3      | Reached XP level 5. HP: 24/32 MP: 6/11
  1987 | D:3      | Offered knowledge of Flame Tongue by Vehumet.
  1990 | D:3      | Learned a level 1 spell: Flame Tongue
  2011 | D:3      | Reached ** piety under Vehumet
  2012 | D:3      | Reached skill level 5 in Axes
  2022 | D:3      | Reached skill level 1 in Conjurations
  2598 | D:3      | Gained mutation: You regenerate a little health from kills.
                  | [Skeleton growth]
  2598 | D:3      | Reached XP level 6. HP: 32/38 MP: 6/12
  3491 | D:4      | Noticed an orc warrior
  3662 | D:4      | Noticed a +0 hand axe
  3663 | D:4      | Noticed a +0 hand axe
  3666 | D:4      | Found a hide-covered altar of Uskayaw.
  4918 | D:4      | Reached skill level 1 in Stealth
  4918 | D:4      | Reached skill level 5 in Spellcasting
  4952 | D:4      | Reached skill level 6 in Axes
  4959 | D:5      | Entered Level 5 of the Dungeon
  4962 | D:5      | Reached XP level 7. HP: 43/43 MP: 14/14
  4996 | D:4      | Reached skill level 1 in Evocations
  4999 | D:4      | Offered knowledge of Stone Arrow by Vehumet.
  5013 | D:4      | Learned a level 3 spell: Stone Arrow
  5082 | D:5      | Reached skill level 1 in Fire Magic
  5151 | D:5      | Found a shimmering blue altar of Sif Muna.
  5155 | D:5      | Reached skill level 1 in Earth Magic
  5256 | D:5      | Found a staircase to the Ecumenical Temple.
  5272 | D:5      | Reached *** piety under Vehumet
  5647 | D:6      | Noticed a hippogriff
  5660 | D:6      | Killed a hippogriff
  5660 | D:6      | Reached skill level 7 in Axes
  5660 | D:6      | Reached XP level 8. HP: 20/48 MP: 6/16
  5910 | D:6      | Found a sparkling altar of Nemelex Xobeh.
  6548 | D:6      | Noticed a troll
  6555 | D:6      | Killed a troll
  6894 | D:6      | Found a faded altar of an unknown god.
  6894 | D:6      | Found an ornate altar of the Wu Jian Council.
  6899 | D:6      | Found a faded altar of an unknown god.
  6909 | D:6      | Offered knowledge of Ignite Poison by Vehumet.
  6911 | D:6      | Reached skill level 5 in Conjurations
  6917 | D:6      | Learned a level 3 spell: Ignite Poison
  6989 | D:6      | Found a burning altar of Makhleb.
  6991 | D:6      | Found a bloodstained altar of Trog.
  7024 | D:6      | Reached skill level 8 in Axes
  7330 | D:7      | Reached skill level 5 in Fighting
  7331 | D:7      | Reached skill level 5 in Dodging
  7423 | D:7      | Noticed a hippogriff
  7433 | D:7      | Killed a hippogriff
  7433 | D:7      | Reached XP level 9. HP: 30/54 MP: 5/18
  7861 | D:7      | Reached skill level 9 in Axes
  7873 | D:7      | Slain by an orc warrior

Skill      XL: |  1  2  3  4  5  6  7  8  9 |
---------------+----------------------------+-----
Axes           | 4 5 6 7 8 9 |  9.0
Spellcasting   | 4 5 6 |  6.7
Air Magic      | 1 2 |  2.0
Conjurations   | 1 2 4 5 |  5.3
Fighting       | 4 5 |  5.3
Stealth        | 1 |  1.7
Dodging        | 4 5 |  5.2
Evocations     | 1 |  1.4
Fire Magic     | 1 |  1.4
Earth Magic    | 1 2 |  2.4
Armour         | |  0.1

Action                   |  1- 3 |  4- 6 |  7- 9 || total
-------------------------+-------+-------+-------++-------
Melee: War axe           |    86 |   120 |   106 ||   312
       Hand axe          |       |       |    66 ||    66
 Cast: Shock             |    34 |    47 |    18 ||    99
       Flame Tongue      |       |    10 |     7 ||    17
       Stone Arrow       |       |       |    35 ||    35
Evoke: Wand              |       |     5 |     6 ||    11
  Use: Scroll            |       |    10 |     4 ||    14
 Stab: Sleeping          |     1 |       |       ||     1
Armor: Steam dragon scal |    27 |    42 |    58 ||   127
       Plate armour      |       |       |     7 ||     7
Dodge: Dodged            |    55 |   108 |   144 ||   307
